 Dungeon Crawl Stone Soup version 0.30-a0-575-g6f4a10e2d2 (webtiles) character file.

Game seed: 1764301782235207312

118197 Ijustatesigmund the Severer (level 16, 0/141 HPs)
             Began as a Hill Orc Fighter on Dec 29, 2022.
             Was the Champion of Qazlal.
             Killed from afar by a nagaraja (17 damage)
             ... with a poison arrow
             ... on level 2 of the Snake Pit on Dec 30, 2022.
             The game lasted 00:34:37 (20597 turns).

Ijustatesigmund the Severer (Hill Orc Fighter)     Turns: 20597, Time: 00:34:37

Health: 0/141      AC: 31    Str: 25    XL:     16   Next: 76%
Magic:  32/38      EV:  9    Int:  8    God:    Qazlal [******]
Gold:   1508       SH: 18    Dex: 12    Spells: 15/15 levels left

rFire   + . .      SeeInvis .    a - +1 broad axe (heavy)
rCold   + + +      Faith    .    c - +0 kite shield
rNeg    . . .      Spirit   .    b - +6 plate armour {rC+}
rPois   .          Reflect  .    s - +2 helmet of Forking Paths {rC+ MP+9 Slay+2}
rElec   .          Harm     .    u - scarf {rC+ rF+}
rCorr   .          Rampage  .    (no gloves)
Will    +....      NoTele   +    R - +1 pair of boots Stlth
                                 e - amulet of regeneration
HPRegen 1.23/turn                Q - ring of poison resistance
MPRegen 0.26/turn                x - ring of flight

@: lethally poisoned (0 -> -41), weakened, untranslocatable, poison vulnerable,
protected from physical damage, flying, repel missiles
A: frail 1
a: Renounce Religion, Upheaval, Elemental Force, Disaster Area


You were on level 2 of the Snake Pit.
You worshipped Qazlal.
Qazlal was exalted by your worship.
You visited 4 branches of the dungeon, and saw 21 of its levels.
You visited the Abyss 1 time.

You collected 1746 gold pieces.
You spent 238 gold pieces at shops.

Inventory:

Hand Weapons
 a - a +1 heavy broad axe (weapon)
 G - the +5 trident of the Boar {holy, *Noise Str+6 Dex+5}
   (You took it off a centaur on level 10 of the Dungeon)

   It has been blessed by the Shining One to cause great damage to the undead
   and demons.
   Str:       It affects your strength (+6).
   Dex:       It affects your dexterity (+5).
   *Noise:    It may make noises in combat.
Missiles
 j - 3 throwing nets (quivered)
Armour
 b - a +6 plate armour of cold resistance (worn)
 c - a +0 kite shield (worn)
 s - the +2 helmet of Forking Paths (worn) {rC+ MP+9 Slay+2}
   (You found it on level 9 of the Dungeon)

   Slay:      It affects your accuracy & damage with ranged weapons and melee
   (+2).
   rC:        It protects you from cold.
   MP:        It affects your magic capacity (+9).
 u - a scarf of resistance (worn)
 R - a +1 pair of boots (worn)
Jewellery
 e - an amulet of regeneration (around neck)
 n - a ring of see invisible
 t - a ring of protection from cold
 x - a ring of flight (right hand)
 y - a ring of ice
 H - an amulet of faith
 I - a ring of fire
 M - a ring of protection from fire
 Q - a ring of poison resistance (left hand)
 S - a ring of positive energy
 T - an amulet of reflection
 U - the ring "Courchi" {rN+ rCorr Int+3 SInv}
   (You found it on level 3 of the Lair of Beasts)

   [ring of see invisible]

   Int:       It affects your intelligence (+3).
   rN:        It protects you from negative energy.
   SInv:      It lets you see invisible.
   rCorr:     It protects you from acid and corrosion.
 X - the ring "Bautud" {rElec rN+ Int+6}
   (You found it on level 4 of the Lair of Beasts)

   [ring of intelligence]

   Int:       It affects your intelligence (+6).
   rElec:     It insulates you from electricity.
   rN:        It protects you from negative energy.
 Z - the amulet "Gaex" {rF- Regen+ rCorr Int+4}
   (You found it on level 5 of the Lair of Beasts)

   [amulet of regeneration]

   Int:       It affects your intelligence (+4).
   rF:        It makes you vulnerable to fire.
   Regen:     It increases your rate of health regeneration.
   rCorr:     It protects you from acid and corrosion.
Wands
 w - a wand of flame (50)
 A - a wand of charming (13)
 B - a wand of quicksilver (8)
 K - a wand of digging (5)
 O - a wand of roots (6)
Scrolls
 h - a scroll of brand weapon
 l - a scroll of amnesia
 m - 10 scrolls of teleportation
 v - 2 scrolls of magic mapping
 z - 3 scrolls of poison
 C - 4 scrolls of fog
 D - 2 scrolls of butterflies
 F - 14 scrolls of identify
 P - 4 scrolls of fear
 V - a scroll of torment
 Y - 2 scrolls of immolation
Potions
 d - 4 potions of might
 f - 6 potions of curing
 g - 2 potions of flight
 i - 2 potions of ambrosia
 k - a potion of magic
 o - 5 potions of haste
 p - 8 potions of mutation
 q - 4 potions of lignification
 r - 3 potions of attraction
 E - 5 potions of brilliance
 L - 2 potions of invisibility
 N - 2 potions of cancellation
Miscellaneous
 J - a phantom mirror


   Skills:
 + Level 17.6 Fighting
 + Level 18.9 Axes
 + Level 13.7 Armour
 - Level 8.4 Dodging
 - Level 7.4 Shields
 + Level 18.3 Invocations


You had 15 spell levels left.
You didn't know any spells.
Your spell library contained the following spells:

 Spells                   Type           Power      Damage    Failure   Level
 Foxfire                  Conj/Fire      0%         2x1d4     100%        1
 Necrotise                Necr           0%         1d4       100%        1
 Sandblast                Erth           0%         2d4       100%        1
 Slow                     Hex            0%         N/A       100%        1
 Ensorcelled Hibernation  Hex/Ice        0%         N/A       100%        2
 Passwall                 Tmut/Erth      0%         N/A       100%        2
 Static Discharge         Conj/Air       0%         2-2/arc   100%        2
 Call Canine Familiar     Summ           0%         N/A       100%        3
 Dazzling Flash           Conj/Hex       0%         N/A       100%        3
 Inner Flame              Hex/Fire       0%         N/A       100%        3
 Ozocubu's Armour         Ice            0%         N/A       100%        3
 Portal Projectile        Hex/Tloc       0%         N/A       100%        3
 Stone Arrow              Conj/Erth      0%         3d7       100%        3
 Summon Guardian Golem    Hex/Summ       0%         N/A       100%        3
 Vampiric Draining        Necr           0%         2d6       100%        3
 Vhi's Electric Charge    Tloc/Air       0%         N/A       100%        3
 Cause Fear               Hex            0%         N/A       100%        4
 Leda's Liquefaction      Hex/Erth       0%         N/A       100%        4
 Agony                    Necr           0%         N/A       100%        5
 Arcjolt                  Conj/Air       0%         1d10      100%        5
 Borgnjor's Vile Clutch   Necr/Erth      0%         N/A       100%        5
 Fireball                 Conj/Fire      0%         3d3       100%        5
 Lee's Rapid Deconstruct  Erth           0%         3d4*      100%        5
 Lightning Bolt           Conj/Air       0%         1d11      100%        5
 Metabolic Englaciation   Hex/Ice        0%         N/A       100%        5
 Silence                  Hex/Air        0%         N/A       100%        5
 Simulacrum               Ice/Necr       0%         N/A       100%        6
 Starburst                Conj/Fire      0%         6d3       100%        6
 Statue Form              Tmut/Erth      0%         N/A       100%        6
 Orb of Destruction       Conj           0%         9d5       100%        7
 Spellforged Servitor     Conj/Summ      0%         N/A       100%        7
 Discord                  Hex            0%         N/A       100%        8
 Maxwell's Capacitive Co  Air            0%         ∞         100%        8


Dungeon Overview and Level Annotations

Branches:
Dungeon (13/15)            Temple (1/1) D:4            Lair (5/5) D:9
  Swamp (0/4) Lair:3        Snake (2/4) Lair:2        Slime (0/5) Lair:4
    Orc (0/2) D:9          Vaults (0/5) D:13

Altars:
Ashenzari
Cheibriados
Dithmenos
Elyvilon
Fedhas
Gozag
Hepliaklqana
Kikubaaqudgha
Makhleb
Nemelex Xobeh
Okawaru
Qazlal
Ru
Sif Muna
Trog
Uskayaw
Vehumet
Wu Jian
Xom
Yredelemnul
Zin
The Shining One

Shops:
D:1 ?   D:2 *   D:4 :   D:8 !   Snake:2 (

Portals:
Abyss: Lair:2

Annotations:
D:13 exclusion: obsidian statue
Lair:2 2 transporters, WienerDreamer's ghost, journeyman HOFi


Innate Abilities, Weirdness & Mutations

You are frail. (-10% HP)


Message History

You feel extremely sick.
You are more poisoned.
You block the naga ritualist's attack. The naga ritualist grabs you.
The naga ritualist constricts you.
You slash the naga ritualist!
The naga ritualist is heavily wounded.
You hit the nagaraja but do no damage.
You feel extremely sick.
* * * LOW HITPOINT WARNING * * *
You are more poisoned.
The naga ritualist's toxic aura wanes.
The nagaraja hits you but does no damage.
You slice the naga ritualist!!
You kill the naga ritualist!
Qazlal accepts your kill.
You closely miss the nagaraja.
You feel very sick.
You hear a shout!
The nagaraja hits you but does no damage.
You block the nagaraja's attack.
You closely miss the nagaraja.
The nagaraja is moderately wounded.
You feel very sick. The nagaraja spits poison at you.
The splash of poison is repelled.
You closely miss the nagaraja.
The nagaraja is moderately wounded.
You feel very sick.
The nagaraja points at you and mumbles some strange words.
The bolt of poison hits you.
You are more poisoned.
* * * LOW HITPOINT WARNING * * *
You slice the nagaraja!!
The nagaraja is severely wounded.
* * * LOW HITPOINT WARNING * * *
You feel extremely sick. The nagaraja casts a spell at you.
The poison arrow hits you!
You are lethally poisoned!
You die...

########################
#.......................
#.######################
#.#8≈.#:#.#.#.#.#. ...$
#.#....)○.......... #.$(
#†#⌠..##.##.##......##.S
#)#...)@N).....###.N..N8
#.#8.)§8#○..#### ...#NN
## #.###°####'## . ###..
.#### ##...#::⌠#8..#....
.8.N♣ ....#
#...©#[:_#©..'.........|⌠
###.##
#....#.:⌠#8..#.....8.8..♣
#..#
#..###'####'##⌠...#####..
####
#..#8...8#...####.... #..
####..#............###.
...8


You could see a nagaraja (catching breath).

Vanquished Creatures
  A dread lich (Abyss:2)
  2 bone dragons (Abyss:2)
  4 nagarajas (Snake:2)
  4 dire elephants (Lair:5)
  An ettin (D:13)
  3 salamander tyrants
  Fannar (D:10)
  A rakshasa (D:13)
  2 hydras
  A catoblepas (Lair:4)
  4 boulder beetles
  An ogre mage (D:10)
  Erolcha (D:9)
  5 two-headed ogres
  6 anacondas
  3 naga warriors (Snake:2)
  5 centaur warriors
  2 tengu warriors (D:13)
  7 naga sharpshooters
  Urug (D:12)
  A death yak (Lair:5)
  7 shock serpents
  A shadow wraith (D:13)
  Sonja (D:12)
  Nergalle (D:12)
  A wretched star (Abyss:2)
  A spectral death yak (Lair:5)
  A sixfirhy (Abyss:2)
  2 salamander mystics (Snake:2)
  A deep troll (D:13)
  2 bog bodies (Lair:3)
  A spectral anaconda (Lair:5)
  5 naga ritualists (Snake:2)
  An obsidian statue (Lair:5)
  2 wizards (D:9)
  5 necromancers
  2 deep elf pyromancers
  7 mana vipers
  2 ugly things
  2 cyclopes
  13 salamanders
  A manticore (D:12)
  13 elephants
  4 naga magi
  Joseph (Lair:1)
  6 guardian serpents
  21 black mambas
  A gargoyle (D:11)
  Maggie (D:9)
  An unseen horror (D:10)
  7 cane toads
  A dire elephant skeleton (Lair:5)
  5 rime drakes
  An unseen horror (shapeshifter) (D:13)
  A freezing wraith (D:9)
  9 komodo dragons
  An ancient zyme (Abyss:2)
  4 trolls
  A tengu conjurer (D:9)
  A meliai (D:10)
  2 polar bears
  3 raiju (Abyss:2)
  14 blink frogs
  2 hornets (D:9)
  16 slime creatures
  14 dream sheep
  An ettin zombie (Abyss:2)
  A spectral elephant (Lair:5)
  7 shadows
  6 wyverns
  7 wraiths
  28 yaks
  A vampire (D:12)
  3 basilisks
  A death yak simulacrum (Lair:5)
  A neqoxec (Abyss:2)
  6 steam dragons
  2 vampire mosquitoes (D:13)
  18 nagas
  An acid dragon (D:10)
  2 wargs (D:9)
  14 water moccasins
  5 orc warriors
  3 elephant zombies (Lair:5)
  3 sky beasts
  4 ice beasts
  3 wolves (Lair:1)
  An elephant skeleton (Lair:5)
  An ogre (D:5)
  5 centaurs
  A phantom (D:6)
  3 kobold brigands
  10 bullfrogs
  A necrophage (D:7)
  3 gnoll sergeants
  4 scorpions
  A cane toad simulacrum (Lair:5)
  7 wights
  18 killer bees
  5 electric eels
  7 howler monkeys
  A crimson imp (D:9)
  A quasit (Abyss:2)
  3 gnoll boudas
  7 jellies
  10 orc priests
  6 hounds
  An iguana (D:5)
  12 orc wizards
  4 hell rats (Lair:2)
  10 gnolls
  11 adders
  2 shadow imps
  An ufetubus (D:3)
  2 worms (D:2)
  2 dart slugs
  32 orcs
  9 bats
  5 endoplasms
  3 giant cockroaches
  5 goblins
  6 hobgoblins
  4 jackals (D:4)
  3 training dummies (Snake:2)
  9 ball pythons
  A frilled lizard (D:2)
  11 kobolds
  4 rats
594 creatures vanquished.

Vanquished Creatures (collateral kills)
  A death knight (D:13)
1 creature vanquished.

Vanquished Creatures (others)
  An efreet (D:10)
  2 slime creatures (D:12)
  2 orc wizards (D:10)
  A quokka (D:10)
  13 fungi
  16 plants
  21 withered plants (Lair:5)
56 creatures vanquished.

Grand Total: 651 creatures vanquished

Notes
Turn   | Place    | Note
-------+----------+-------------------------------------------
     0 | D:1      | Ijustatesigmund the Hill Orc Fighter began the quest for
                  | the Orb.
     0 | D:1      | Reached XP level 1. HP: 19/19 MP: 1/1
   178 | D:1      | Reached XP level 2. HP: 24/27 MP: 2/2
   564 | D:1      | Reached XP level 3. HP: 34/34 MP: 3/3
   682 | D:1      | Found Goebur's Magic Scroll Emporium.
   685 | D:1      | Bought a scroll of teleportation for 33 gold pieces
  1112 | D:2      | Reached XP level 4. HP: 41/41 MP: 4/4
  1175 | D:2      | Reached skill level 5 in Fighting
  1243 | D:2      | Reached skill level 10 in Fighting
  1243 | D:2      | Reached XP level 5. HP: 59/59 MP: 5/5
  1244 | D:2      | Reached skill level 5 in Armour
  1244 | D:2      | Reached XP level 6. HP: 70/70 MP: 6/6
  1552 | D:2      | Found Otweihuvo's Assorted Antiques.
  1565 | D:2      | Bought 2 metallic brown potions for 45 gold pieces
  1622 | D:2      | Found a faded altar of an unknown god.
  2040 | D:3      | Noticed an ice beast
  2047 | D:3      | Killed an ice beast
  2048 | D:3      | Reached XP level 7. HP: 77/77 MP: 7/7
  2710 | D:4      | Found an opulent altar of Gozag.
  2944 | D:4      | Found a staircase to the Ecumenical Temple.
  3098 | Temple   | Entered the Ecumenical Temple
  3469 | D:4      | Found Geust's Vocational Training.
  3607 | D:5      | Entered Level 5 of the Dungeon
  3907 | D:5      | Reached XP level 8. HP: 59/83 MP: 8/8
  3984 | D:5      | Found a bloodstained altar of Trog.
  4555 | D:6      | Reached XP level 9. HP: 91/91 MP: 9/9
  4757 | D:6      | Found a sparkling altar of Nemelex Xobeh.
  4868 | D:6      | Found a shimmering altar of Xom.
  4869 | D:6      | Found a hazy altar of Hepliaklqana.
  4870 | D:6      | Noticed a spectral ugly thing
  4968 | D:7      | Found a shimmering blue altar of Sif Muna.
  5692 | D:8      | Reached XP level 10. HP: 95/100 MP: 10/10
  5865 | D:8      | Found Guffoada's Distillery.
  5873 | D:8      | Bought 2 potions of mutation for 160 gold pieces
  5986 | D:8      | Found a stormy altar of Qazlal.
  5994 | D:8      | Became a worshipper of Qazlal Stormbringer
  6013 | D:8      | Found a radiant altar of Vehumet.
  6024 | D:8      | Reached skill level 1 in Dodging
  6032 | D:8      | Reached skill level 1 in Invocations
  6083 | D:8      | Identified the +5 hand axe of the Unbearable God {elec,
                  | rElec Will- rCorr MP-9 SInv}
  6175 | D:8      | Noticed a two-headed ogre
  6189 | D:8      | Killed a two-headed ogre
  6413 | D:8      | Found an iron altar of Okawaru.
  6551 | D:9      | Reached * piety under Qazlal
  6644 | D:9      | Noticed a two-headed ogre
  6659 | D:9      | Killed a two-headed ogre
  6660 | D:9      | Reached skill level 5 in Invocations
  6734 | D:9      | Reached XP level 11. HP: 106/106 MP: 15/15
  6762 | D:9      | Noticed a centaur warrior
  6769 | D:9      | Killed a centaur warrior
  6809 | D:9      | Noticed a deep elf pyromancer
  6811 | D:9      | Found a glowing golden altar of the Shining One.
  6818 | D:9      | Killed a deep elf pyromancer
  6874 | D:9      | Reached skill level 5 in Dodging
  6881 | D:9      | Noticed a wizard
  6904 | D:9      | Killed a wizard
  6916 | D:9      | Got the Book of Cunning Stones
  6940 | D:9      | Identified the +2 helmet of Forking Paths {rC+ MP+9 Slay+2}
  6962 | D:9      | Reached ** piety under Qazlal
  7097 | D:9      | Found a staircase to the Lair.
  7319 | D:9      | Found an ornate altar of the Wu Jian Council.
  7344 | D:9      | Found a staircase to the Orcish Mines.
  7371 | D:9      | Noticed a wizard
  7383 | D:9      | Killed a wizard
  7469 | D:9      | Found a glowing silver altar of Zin.
  7703 | D:9      | Noticed Maggie
  7716 | D:9      | Killed Maggie
  8009 | D:10     | Entered Level 10 of the Dungeon
  8022 | D:10     | Noticed a cyclops
  8030 | D:10     | Killed a cyclops
  8031 | D:10     | Reached skill level 10 in Invocations
  8031 | D:10     | Reached XP level 12. HP: 113/113 MP: 19/19
  8081 | D:10     | Noticed a two-headed ogre
  8090 | D:10     | Noticed a two-headed ogre
  8254 | D:10     | Noticed a centaur warrior
  8254 | D:10     | Noticed an ogre mage
  8256 | D:10     | Noticed a centaur warrior
  8256 | D:10     | Noticed a centaur warrior
  8269 | D:10     | Killed an ogre mage
  8271 | D:10     | Killed a centaur warrior
  8273 | D:10     | Noticed a four-headed hydra
  8276 | D:10     | Noticed a boulder beetle
  8585 | D:10     | Killed a boulder beetle
  8603 | D:10     | Identified the +5 trident of the Boar {holy, *Noise Str+6
                  | Dex+5}
  8620 | D:10     | Killed an eight-headed hydra
  8756 | D:10     | Killed a two-headed ogre
  8761 | D:10     | Killed a centaur warrior
  8762 | D:10     | Reached *** piety under Qazlal
  8779 | D:10     | Killed a two-headed ogre
  8817 | D:10     | Killed a centaur warrior
  8894 | D:10     | Found a white marble altar of Elyvilon.
  9031 | D:10     | Noticed Fannar
  9044 | D:10     | Killed Fannar
  9295 | D:10     | Found a shadowy altar of Dithmenos.
  9297 | D:10     | Found a basalt altar of Yredelemnul.
  9299 | D:10     | Found an ancient bone altar of Kikubaaqudgha.
  9692 | D:11     | Noticed a two-headed ogre
  9698 | D:11     | Killed a two-headed ogre
  9924 | D:11     | Noticed a boulder beetle
  9949 | D:11     | Killed a boulder beetle
  9950 | D:11     | Reached XP level 13. HP: 106/122 MP: 22/22
 10242 | D:12     | Noticed Nergalle
 10260 | D:12     | Killed Nergalle
 10279 | D:12     | Noticed Sonja
 10299 | D:12     | Killed Sonja
 10876 | D:12     | Noticed Urug
 10887 | D:12     | Killed Urug
 11733 | D:13     | Noticed a rakshasa
 11742 | D:13     | Killed a rakshasa
 11916 | D:13     | Noticed an ettin
 11923 | D:13     | Reached skill level 15 in Axes
 11926 | D:13     | Killed an ettin
 11931 | D:13     | HP: 6/124 [ettin simulacrum (15)]
 12063 | D:13     | Found a gate to the Vaults.
 12590 | D:10     | Noticed Erolcha
 12596 | Abyss:2  | Cast into level 2 of the Abyss (Erolcha)
 12615 | Abyss:2  | Noticed a bone dragon
 12624 | Abyss:2  | Killed a bone dragon
 12752 | Abyss:2  | Noticed a dread lich
 12764 | Abyss:2  | Killed a dread lich
 12765 | Abyss:2  | Reached XP level 14. HP: 100/133 MP: 25/25
 12877 | Abyss:2  | Noticed a lich
 12911 | Abyss:2  | Noticed a bone dragon
 12918 | Abyss:2  | Gained mutation: You are frail. (-10% HP) [a neqoxec]
 12927 | Abyss:2  | Killed a bone dragon
 12928 | Abyss:2  | Reached skill level 10 in Armour
 12961 | D:10     | Escaped the Abyss
 12969 | D:9      | Killed Erolcha
 12984 | Lair:1   | Entered Level 1 of the Lair of Beasts
 13029 | Lair:1   | Reached skill level 15 in Invocations
 13039 | Lair:1   | Noticed Joseph
 13050 | Lair:1   | Killed Joseph
 13107 | Lair:1   | Reached **** piety under Qazlal
 13830 | Lair:2   | Reached skill level 15 in Fighting
 14110 | Lair:2   | Found a transporter.
 14173 | Lair:2   | Reached ***** piety under Qazlal
 14341 | Lair:2   | Found a staircase to the Snake Pit.
 14531 | Lair:2   | Found a transporter.
 14534 | Lair:2   | Noticed WienerDreamer's ghost (journeyman HOFi)
 14543 | Lair:2   | Found a one-way gate to the infinite horrors of the Abyss.
 15267 | Lair:3   | Reached XP level 15. HP: 126/126 MP: 26/26
 15309 | Lair:3   | Found a staircase to the Swamp.
 15340 | Lair:3   | Identified the ring "Courchi" {rN+ rCorr Int+3 SInv}
 16222 | Lair:4   | Found a staircase to the Slime Pits.
 16673 | Lair:4   | Identified the ring "Bautud" {rElec rN+ Int+6}
 17077 | Lair:4   | Upgraded the game from 0.30-a0-570-g486de37d69 to
                  | 0.30-a0-575-g6f4a10e2d2
 17084 | Lair:5   | Entered Level 5 of the Lair of Beasts
 17764 | Lair:5   | Reached ****** piety under Qazlal
 18282 | Lair:5   | Identified the amulet "Gaex" {rF- Regen+ rCorr Int+4}
 18382 | Snake:1  | Entered Level 1 of the Snake Pit
 18942 | Snake:1  | Reached XP level 16. HP: 119/136 MP: 25/28
 19022 | Snake:1  | Identified the +10 whip of Zaynez {heavy, rPois Str+7}
 19929 | Snake:2  | Found a stormy altar of Qazlal.
 20047 | Snake:2  | Noticed a nagaraja
 20279 | Snake:2  | Found a transporter.
 20400 | Snake:2  | Found Boogekem's Firing Range.
 20460 | Snake:2  | Noticed a nagaraja
 20463 | Snake:2  | Noticed a nagaraja
 20500 | Snake:2  | Found a shimmering blue altar of Sif Muna.
 20500 | Snake:2  | Noticed a nagaraja
 20500 | Snake:2  | Noticed a nagaraja
 20580 | Snake:2  | Killed a nagaraja
 20583 | Snake:2  | Killed a nagaraja
 20584 | Snake:2  | Killed a nagaraja
 20588 | Snake:2  | Killed a nagaraja
 20597 | Snake:2  | Killed from afar by a nagaraja

Illustrated notes

Levels and vault maps discovered:
D:1:      lightli_arrival_statue_moat, layout_basic, serial_shops,
          nicolae_shop_behind_doors
D:2:      layout_basic, serial_shops, nicolae_lakefront_shop,
          serial_corexii_hall, corexii_hall_statues_l,
          chequers_hall_statues_wall_a, hellmonk_ecumenical_altar_leap_of_faith,
          guppyfry_early_orc_mine
D:3:      layout_basic, dreamdust_princess_corridor, kennysheep_donut
D:4:      layout_loops_ring, amcnicky_altar_gilded,
          minmay_temple_entry_antechambers, nicolae_shop_vocational
D:5:      layout_basic, bloody_trog
D:6:      layout_basic, regret_index_temple_of_mockery, lemuel_crystal_altar
D:7:      layout_basic, mainiacjoe_overflow_small_starburst
D:8:      minmay_octagon_keep, layout_loops_ring, marbit_many_paths,
          nicolae_qazlal_scattered_showers, vehumet_crystals, serial_shops, shop
D:9:      hangedman_cross_cluster, layout_cave_pods, zin_academy,
          mainiacjoe_overflow_six_doors_small, erik_lair_orcish_takeover,
          kennysheep_small_spiral, lightli_wizard_tower, uniq_maggie
D:10:     minmay_the_grid_octo_tiled_octocenter [minmay_the_grid_octo_horde,
          minmay_the_grid_octo_checkered, minmay_the_grid_octo_77,
          minmay_the_grid_octo_thin_diamonds,
          minmay_the_grid_octo_prize_ultimate_mussel_roller,
          minmay_the_grid_square_5x5_two_walls_a,
          minmay_the_grid_square_5x5_three, minmay_the_grid_square_5x5_seven,
          minmay_the_grid_square_5x5_empty], layout_basic, elyvilon_altar_4,
          grunt_temple_overflow_diamond, grunt_ministairs_1, uniq_erolcha,
          uniq_fannar
D:11:     layout_roguey
D:12:     layout_basic, uniq_nergalle, uniq_sonja, uniq_urug
D:13:     layout_loops_cross, david_vaults_4, minivault_16,
          minmay_misc_feat_rows
Temple:   nicolae_temple_bog_church
Lair:1:   layout_gridlike, serial_bayou_shore_a, infiniplex_staircase_pool_2,
          grunt_megastairs_2, uniq_joseph
Lair:2:   layout_cave_pods, guppyfry_snake_entry_island,
          gammafunk_ghost_abyssal_escape
Lair:3:   layout_layer_cave, skrybe_swamp_entry_bodies, serial_bayou_shore_b
Lair:4:   layout_regular_city, minmay_slime_entry_pillars,
          infiniplex_staircase_pool
Lair:5:   due_jungle_book, layout_concentric_octagons
Snake:1:  layout_gridlike, hangedman_snake_corridor_cut
Snake:2:  gammafunk_sealed_library, layout_cave_shapes, basic_altar,
          nicolae_shop_firing_range

Skill      XL: |  1  2  3  4  5  6  7  8  9 10 11 12 13 14 15 16 |
---------------+-------------------------------------------------+-----
Axes           | 3 4 11 12 13 15 16 17 18 | 18.9
Fighting       | 4 10 12 13 14 15 16 17 | 17.6
Armour         | 5 6 7 9 11 12 13 | 13.7
Shields        | 6 7 |  7.4
Dodging        | 3 6 8 |  8.4
Invocations    | 5 10 13 14 15 17 18 | 18.3

Action                   |  1- 3 |  4- 6 |  7- 9 | 10-12 | 13-15 | 16-18 || total
-------------------------+-------+-------+-------+-------+-------+-------++-------
Melee: War axe           |    78 |    64 |   302 |   512 |   779 |    23 ||  1758
       Trident           |       |       |       |       |    30 |       ||    30
       Broad axe         |       |       |       |       |       |   150 ||   150
Invok: Upheaval          |       |       |       |     2 |     3 |       ||     5
       Elemental Force   |       |       |       |       |     2 |       ||     2
       Disaster Area     |       |       |       |       |       |     1 ||     1
Evoke: Wand              |       |       |       |       |     1 |       ||     1
  Use: Scroll            |     2 |     8 |    12 |     9 |     6 |     6 ||    43
       Potion            |       |     2 |       |     1 |     9 |     2 ||    14
Armor: Scale mail        |    49 |    18 |       |       |       |       ||    67
       Plate armour      |       |     9 |   162 |   303 |   457 |    91 ||  1022
Dodge: Dodged            |    44 |    18 |    71 |   173 |   213 |    51 ||   570
       Repelled          |       |       |       |       |     6 |    16 ||    22
Block: Buckler           |    16 |    12 |    63 |     5 |       |       ||    96
       Kite shield       |       |       |       |   346 |   723 |   201 ||  1270

Table legend: (Time is in decaauts)
 A = Elapsed time spent in this place.
 B = Non-inter-level travel time spent in this place.
 C = Inter-level travel time spent in this place.
 D = Time resting spent in this place.
 E = Time spent auto-exploring this place.
 F = Levels seen in this place.
 G = Mean time per level.
                   A        B        C        D        E       F      G
               +--------+--------+--------+--------+--------+-----+--------+
         Total |  20854 |  20052 |    802 |   1757 |  14441 |  22 |  947.9 |
       Dungeon |  12473 |  11906 |    567 |   1158 |   8498 |  13 |  959.5 |
        Temple |    203 |    183 |     20 |      0 |    175 |   1 |  203.0 |
          Lair |   5498 |   5321 |    177 |    140 |   4283 |   5 | 1099.6 |
     Snake Pit |   2296 |   2259 |     37 |    395 |   1277 |   2 | 1148.0 |
         Abyss |    383 |    383 |      0 |     64 |    207 |   1 |  383.0 |
               +--------+--------+--------+--------+--------+-----+--------+

Top non-repeatable levels by time:
     D:9: 1764 daAuts
    D:10: 1393 daAuts
 Snake:1: 1366 daAuts
  Lair:5: 1266 daAuts
  Lair:3: 1266 daAuts
  Lair:2: 1219 daAuts
    D:12: 1209 daAuts
    D:13: 1139 daAuts
     D:8: 994 daAuts
 Snake:2: 929 daAuts
     D:1: 924 daAuts
  Lair:4: 918 daAuts
     D:3: 896 daAuts
     D:4: 832 daAuts
  Lair:1: 827 daAuts
